 Dungeon Crawl Stone Soup version 0.19.1-1-g22dce08 (webtiles) character file.

199 Alarkh the Chopper (level 5, 30/41 HPs)
             Began as a Demonspawn Monk on Jan 12, 2017.
             Got out of the dungeon alive.
             The game lasted 00:02:29 (2047 turns).

Alarkh the Chopper (Demonspawn Monk)                Turns: 2047, Time: 00:02:30

Health: 30/41      AC:  5    Str: 11    XL:     5   Next: 48%
Magic:  5/5        EV: 14    Int: 13    God:
Gold:   62         SH:  0    Dex: 15    Spells: 0 memorised, 4 levels left

rFire  . . .     SeeInvis .     a - +0 hand axe
rCold  . . .     Gourm    .     o - +0 ring mail
rNeg   . . .     Faith    .     (no shield)
rPois  +         Spirit   .     (helmet restricted)
rElec  .         Reflect  .     (no cloak)
rCorr  .         Harm     .     (no gloves)
MR     .....                    (no boots)
Stlth  +.........               (no amulet)
                                (no ring)
                                k - ring of poison resistance

@: no status effects
A: claws 1, horns 1, talons 1, repulsion field 2, sense surroundings 1
a: no special abilities


You escaped.
You were not hungry.

You visited 1 branch of the dungeon, and saw 2 of its levels.

You collected 62 gold pieces.

Inventory:

Hand Weapons
 a - a +0 hand axe (weapon)
Armour
 b - a +0 robe
 o - a +0 ring mail (worn)
Jewellery
 k - a ring of poison resistance (left claw)
Scrolls
 e - a scroll of enchant weapon {unknown}
 g - a scroll of magic mapping {unknown}
 i - a scroll of identify {unknown}
 j - a scroll of recharging {unknown}
 l - a scroll of teleportation
 p - a scroll of remove curse
Comestibles
 c - 4 bread rations
 d - a meat ration
 f - 2 chunks of flesh
 n - a beef jerky


   Skills:
 - Level 3.0 Fighting
 + Level 5.7 Axes
 - Level 2.6 Dodging
 - Level 1.7 Stealth


You had 4 spell levels left.
You didn't know any spells.

Dungeon Overview and Level Annotations

Branches:
Dungeon (2/15)

Altars:
Cheibriados
Dithmenos
Gozag
Xom


Innate Abilities, Weirdness & Mutations

You have sharp fingernails.
You are surrounded by a moderate repulsion field. (EV +3)
You have a pair of small horns on your head.
You have sharp toenails.
You passively map a small area around you.


Message History

Things that are here:
a scythe; a robe; the human skeleton of Sigmund Eating one of 3 chunks of flesh.
You start eating one of the 3 chunks of flesh.
This raw flesh tastes terrible.
There is a stone staircase leading up here.
You start resting.
A kobold comes into view.
The kobold shouts!
You climb upwards.
There is a stone staircase leading down here.
You see here a potion of degeneration.
There is a large open door here.
You see here 19 bolts.
There is a staircase leading out of the dungeon here.
Unknown command.
Unknown command.
Unknown command.
Are you sure you want to leave the Dungeon?
This will make you lose the game!
You have escaped!

#.# #.# ##
#.####.#####.
#............
######.#####.
###########.......
#8≈≈≈≈≈≈≈8#.######
#.........#.#
#.......(.#.#
#@...8....'.#
#....8....'.#
#.........###
#.........#
#8≈≈≈≈§≈≈8#
###########


There were no monsters in sight!

Vanquished Creatures
  Sigmund (D:2)
  2 adders
  2 worms (D:2)
  A dart slug (D:1)
  2 giant cockroaches (D:2)
  5 hobgoblins
  6 kobolds
  5 bats
  2 frilled lizards
  4 goblins
  4 rats
34 creatures vanquished.

Notes
Turn   | Place    | Note
-------+----------+-------------------------------------------
     0 | D:1      | Alarkh the Demonspawn Monk began the quest for the Orb.
     0 | D:1      | Reached XP level 1. HP: 18/18 MP: 1/1
   174 | D:1      | Reached skill level 3 in Axes
   303 | D:1      | Gained mutation: You are surrounded by a mild repulsion field. (EV +2) [demonic ancestry]
   303 | D:1      | Reached XP level 2. HP: 24/24 MP: 2/2
   808 | D:2      | Found a faded altar of an unknown god.
   831 | D:2      | Reached XP level 3. HP: 21/29 MP: 3/3
  1005 | D:2      | Reached skill level 4 in Axes
  1301 | D:2      | Found a shimmering altar of Xom.
  1303 | D:2      | Found an opulent altar of Gozag.
  1303 | D:2      | Found a shadowy altar of Dithmenos.
  1313 | D:2      | Found a glowing golden altar of the Shining One.
  1313 | D:2      | Found an opulent altar of Gozag.
  1313 | D:2      | Found a snail-covered altar of Cheibriados.
  1353 | D:2      | Noticed Sigmund
  1841 | D:2      | Gained mutation: You have a pair of small horns on your head. [potion of mutation]
  1841 | D:2      | Gained mutation: You have sharp toenails. [potion of mutation]
  1841 | D:2      | Gained mutation: You passively map a small area around you. [potion of mutation]
  1850 | D:2      | Killed Sigmund
  1850 | D:2      | Reached skill level 5 in Axes
  1850 | D:2      | Gained mutation: You have sharp fingernails. [demonic ancestry]
  1850 | D:2      | Reached XP level 4. HP: 4/35 MP: 4/4
  1850 | D:2      | Gained mutation: You are surrounded by a moderate repulsion field. (EV +3) [demonic ancestry]
  1850 | D:2      | Reached XP level 5. HP: 4/41 MP: 5/5
  2047 | D:$      | Got out of the dungeon alive.

Skill      XL: |  1  2  3 |
---------------+----------+-----
Axes           | 3 5 |  5.7
Fighting       | |  3.0
Dodging        | |  2.6
Stealth        | |  1.7

Action                   |  1- 3 |  4- 6 || total
-------------------------+-------+-------++-------
Melee: Hand axe          |   137 |       ||   137
       Kick              |     2 |       ||     2
  Use: Potion            |     3 |       ||     3
       Scroll            |     2 |       ||     2
 Stab: Sleeping          |     4 |       ||     4
       Invisible         |     1 |       ||     1
  Eat: Chunk             |     3 |     1 ||     4
Armor: Robe              |     6 |       ||     6
       Ring mail         |    30 |       ||    30
Dodge: Dodged            |   105 |       ||   105
